 Dungeon Crawl Stone Soup version 0.27-a0-1217-g8a41f320e8 (webtiles) character file.

Game seed: 17956965937091343431

148 soberaf the Digger (level 5, 0/40 HPs)
             Began as a Draconian Earth Elementalist on June 5, 2021.
             Was a Plaything of Xom.
             Killed by nerve-wracking pain
             ... invoked by an orc priest
              (10 damage)
             ... on level 3 of the Dungeon.
             The game lasted 00:11:22 (2581 turns).

soberaf the Digger (Draconian Earth Elementalist)   Turns: 2581, Time: 00:11:24

Health: 0/40       AC:  5    Str:  7 (10) XL:     5   Next: 8%
Magic:  8/8        EV: 12    Int: 16 (17) God:    Xom [..*...]
Gold:   77         SH:  0    Dex:  9 (11) Spells: 3/9 levels left

rFire    . . .     SeeInvis .   a - +0 dagger
rCold    . . .     Faith    .   (no shield)
rNeg     . . .     Spirit   .   (armour unavailable)
rPois    .         Reflect  .   (helmet restricted)
rElec    .         Harm     .   (no cloak)
rCorr    .         Rampage  .   (no gloves)
Will     .....                  (no boots)
Stlth    ++........             (no amulet)
HPRegen  0.13/turn              (no ring)
MPRegen  0.11/turn              (no ring)

@: about to teleport, very slightly contaminated, invisible
A: AC +5, unfitting armour, cold-blooded
a: Renounce Religion


You were on level 3 of the Dungeon.
You worshipped Xom.
You were a toy of Xom.
You visited 1 branch of the dungeon, and saw 3 of its levels.

You collected 77 gold pieces.

Inventory:

Hand Weapons
 a - a +0 dagger (weapon)
Missiles
 b - 89 stones
 f - 4 poisoned darts
Scrolls
 d - a scroll of identify
Potions
 e - 3 potions of curing
 h - a potion of heal wounds


   Skills:
 + Level 1.1 Fighting
 + Level 1.6 Short Blades
 + Level 2.3 Dodging
 + Level 2.3 Stealth
 + Level 2.6 Spellcasting
 + Level 1.1 Transmutations
 + Level 4.1 Earth Magic


You had 3 spell levels left.
You knew the following spells:

 Your Spells              Type           Power      Damage    Failure   Level
a - Sandblast             Erth           30%        2d9       3%          1
b - Passwall              Tmut/Erth      8%         N/A       10%         2
c - Stone Arrow           Conj/Erth      16%        3d8       26%         3

Your spell library contained the following spells:

 Spells                   Type           Power      Damage    Failure   Level
 Petrify                  Tmut/Erth      10%        N/A       54%         4
 Lee's Rapid Deconstruct  Erth           7%         3d8*      69%         5


Dungeon Overview and Level Annotations

Branches:
Dungeon (3/15)

Altars:
Dithmenos
Fedhas
Xom

Shops:
D:2 !


Innate Abilities, Weirdness & Mutations

Your plain brown scales are hard. (AC +5)
You cannot fit into any form of body armour.
You are cold-blooded and may be slowed by cold attacks.


Message History

The orc moves out of view.
Found a hand axe.
Found a stone staircase leading down.
An orc comes into view. It is wielding a +0 flail.
Press: ? - help, v - describe, . - travel A translucent rock wall.
It was a potion of heal wounds.
You feel much better. The orc hits you but does no damage.
The orc priest invokes the aid of Beogh against you.
Beogh smites you!
You hear a shout!
It was a potion of degeneration.
There was something very wrong with that liquid.
You feel weakened.
You feel dopey.
You feel clumsy. The orc completely misses you.
Okay, then.
Unknown command.
As you read the scroll of teleportation, it crumbles to dust.
You feel strangely unstable. "Go forth and destroy!"
You fade into invisibility!
You are very lightly contaminated with residual magic.
You hit the orc priest.
The orc priest is lightly wounded.
The orc hits you but does no damage.
The orc priest invokes the aid of Beogh against you.
Beogh smites you!
You hit the orc priest but do no damage.
The orc priest is lightly wounded.
The hobgoblin hits you but does no damage.
You hit the orc priest but do no damage.
The orc priest is lightly wounded.
The orc priest barely misses you.
You hit the orc priest but do no damage.
The orc priest is lightly wounded.
The orc closely misses you. The hobgoblin hits you.
The orc hits you with a +0 flail.
* * * LOW HITPOINT WARNING * * *
The orc priest invokes the aid of Beogh against you.
Pain shoots through your body!
You die...

########## #........#
#.....^..#
).>......#.......<#
........#........#
....... #####.>..# #
#......##...##...# #.
#..oo(##.o...##..# #.##o
...#..o@...#..######
....
##.#.#go.#.#.......#
#..##....##.##..######.#
#.#..#...###...#
#...###.......##
#.#.####.....##
...#..####..###
..g.###..###.##
##.#.####..##.#######


You could see an orc priest, 2 orcs and a hobgoblin.

Vanquished Creatures
  A sky beast (D:3)
  2 adders (D:2)
  4 bats
  5 endoplasms
  3 giant cockroaches (D:1)
  3 goblins (D:1)
  5 hobgoblins
  4 jackals (D:2)
  A quokka (D:1)
  2 ball pythons
  4 frilled lizards
  5 kobolds
  A rat (D:1)
40 creatures vanquished.

Vanquished Creatures (others)
  4 fungi (D:2)
  9 plants (D:2)
13 creatures vanquished.

Grand Total: 53 creatures vanquished

Notes
Turn   | Place    | Note
-------+----------+-------------------------------------------
     0 | D:1      | soberaf the Draconian Earth Elementalist began the quest
                  | for the Orb.
     0 | D:1      | Reached XP level 1. HP: 14/14 MP: 3/3
   308 | D:1      | Reached XP level 2. HP: 6/20 MP: 5/5
  1459 | D:2      | Reached XP level 3. HP: 25/26 MP: 3/6
  1462 | D:2      | Learned a level 2 spell: Passwall
  1466 | D:2      | Learned a level 3 spell: Stone Arrow
  1523 | D:2      | Reached skill level 1 in Short Blades
  1773 | D:2      | Found Etatuil's Distillery.
  1909 | D:2      | Found a blossoming altar of Fedhas.
  2121 | D:2      | Found a faded altar of an unknown god.
  2150 | D:2      | Became a worshipper of Xom of Chaos
  2291 | D:2      | XOM: silly message
  2444 | D:3      | Noticed a sky beast
  2452 | D:3      | Killed a sky beast
  2453 | D:3      | Reached skill level 1 in Fighting
  2453 | D:3      | Reached skill level 4 in Earth Magic
  2453 | D:3      | Reached XP level 4. HP: 25/35 MP: 1/7
  2453 | D:3      | Reached XP level 5. HP: 29/40 MP: 1/8
  2545 | D:3      | Found a shadowy altar of Dithmenos.
  2577 | D:3      | XOM: potion effect (invisibility)
  2581 | D:3      | Killed from afar by an orc priest

Illustrated notes

Levels and vault maps discovered:
D:1:      dpeg_arrival_simpleton_b, layout_loops_ring
D:2:      layout_loops_ring, serial_shops, shop_statue, basic_altar,
          shapermc_ecumenical_altar_mp_urbaneastern, kennysheep_generic_room_9
D:3:      layout_rooms, nicolae_dithmenos_through_a_glass_darkly,
          chequers_temple_overflow_statue_of_worship, serial_bayou_lagoon_a,
          minmay_quadrilaterals, uniq_sigmund, uniq_grinder, uniq_ijyb

Skill      XL: |  1  2  3 |
---------------+----------+-----
Dodging        | 2 |  2.3
Short Blades   | 1 |  1.6
Stealth        | 2 |  2.3
Fighting       | 1 |  1.1
Earth Magic    | 4 |  4.1
Spellcasting   | |  2.6
Transmutations | |  1.1

Action                   |  1- 3 |  4- 6 || total
-------------------------+-------+-------++-------
Melee: Dagger            |   162 |     4 ||   166
       Tailslap          |    18 |       ||    18
       Unarmed           |     1 |       ||     1
 Cast: Sandblast         |    21 |       ||    21
  Use: Scroll            |     2 |     1 ||     3
       Potion            |       |     2 ||     2
 Stab: Sleeping          |     4 |       ||     4
Armor: Skin              |    38 |     3 ||    41
Dodge: Dodged            |    97 |     3 ||   100

Table legend: (Time is in decaauts)
 A = Elapsed time spent in this place.
 B = Non-inter-level travel time spent in this place.
 C = Inter-level travel time spent in this place.
 D = Time resting spent in this place.
 E = Time spent auto-exploring this place.
 F = Levels seen in this place.
 G = Mean time per level.
                   A        B        C        D        E       F      G
               +--------+--------+--------+--------+--------+-----+--------+
         Total |   2581 |   2447 |    134 |    746 |   1087 |   3 |  860.3 |
       Dungeon |   2581 |   2447 |    134 |    746 |   1087 |   3 |  860.3 |
               +--------+--------+--------+--------+--------+-----+--------+

Top non-repeatable levels by time:
     D:1: 1454 daAuts
     D:2: 1045 daAuts
     D:3: 80 daAuts
